 Dungeon Crawl Stone Soup version 0.26.0-7-g794d0892b4 (webtiles) character file.

Game seed: 17409887328454134857

5484 lessens the Carver (level 10, 0/56 HPs)
             Began as a Tengu Abyssal Knight on Jan 11, 2021.
             Was a High Priest of Lugonu.
             Slain by a yak (9 damage)
             ... on level 9 of the Dungeon.
             The game lasted 00:15:33 (10787 turns).

lessens the Carver (Tengu Abyssal Knight)          Turns: 10787, Time: 00:15:33

Health: 0/56       AC: 14    Str: 15    XL:     10   Next: 69%
Magic:  15/15      EV: 11    Int: 12    God:    Lugonu [*****.]
Gold:   468        SH:  0    Dex: 15    Spells: 9/9 levels left

rFire    + . .     SeeInvis .   k - +5 great sword (curse)
rCold    . . .     Faith    .   (shield currently unavailable)
rNeg     . . .     Spirit   .   h - +0 chain mail "Umoproon" {rPois rF+}
rPois    +         Reflect  .   C - +2 hat
rElec    .         Harm     .   F - +1 cloak
rCorr    .         Rampage  .   y - +0 pair of gloves
Will     .....                  (boots unavailable)
Stlth    ..........             (no amulet)
HPRegen  0.18/turn              (no ring)
MPRegen  0.14/turn              (no ring)

@: flying quickly and evasively, quick
A: beak, talons 3, able to fly
a: Stop Flying, Renounce Religion, Depart the Abyss, Bend Space, Banish,
Corrupt, Enter the Abyss


You were on level 9 of the Dungeon.
You worshipped Lugonu.
Lugonu was extremely pleased with you.
You visited 1 branch of the dungeon, and saw 9 of its levels.
You visited the Abyss 1 time.
You also visited: Ossuary.

You collected 468 gold pieces.

Inventory:

Hand Weapons
 a - a +2 dagger of electrocution
 b - a +2 short sword of venom
 f - a +2 dagger of speed
 k - a cursed +5 great sword (weapon)
 q - a +1 falchion
 x - the +5 hand axe of Living Gallantry {drain, Will++ Str+4}
   (You found it on level 4 of the Dungeon)

   A truly terrible weapon, it drains the life of those it strikes.
   It affects your strength (+4).
   It affects your willpower, your defense against some magical effects.
 z - the +1 hand axe of Uteijuemp {holy, *Drain Dex+6 SInv Stlth+}
   (You found it on level 4 of the Dungeon)

   It has been blessed by the Shining One to cause great damage to the undead
   and demons.
   It affects your dexterity (+6).
   It lets you see invisible.
   It causes draining when unequipped.
   It makes you more stealthy.
 J - a +0 long sword
Missiles
 i - 318 stones
 s - 32 poisoned darts
 t - 10 boomerangs
Armour
 c - a +0 ring mail
 h - the +0 chain mail "Umoproon" (worn) {rPois rF+}
   (You found it on level 6 of the Dungeon)

   It protects you from fire.
   It protects you from poison.
 o - a +0 scale mail
 y - a +0 pair of gloves (worn)
 C - a +2 hat (worn)
 F - a +1 cloak (worn)
 M - a +0 leather armour
Jewellery
 g - an uncursed amulet of regeneration {unknown}
 r - an uncursed ring of flight {unknown}
Wands
 n - a wand of acid (6) (quivered)
 N - a wand of flame (3)
Scrolls
 j - 8 scrolls of teleportation
 l - a scroll of enchant armour
 u - a scroll of blinking
 v - 2 scrolls of remove curse
 w - a scroll of random uselessness
 E - 5 scrolls of enchant weapon
 H - a scroll of immolation
 L - 2 scrolls of acquirement {unknown}
 Q - a scroll of fear
Potions
 d - a potion of attraction {unknown}
 e - a potion of ambrosia
 m - a potion of magic
 p - 3 potions of curing
 A - a potion of heal wounds
 B - a potion of flight
 D - a potion of brilliance
 G - a potion of invisibility
 I - a potion of degeneration
 K - 2 potions of lignification
 O - a potion of haste


   Skills:
 - Level 3.1 Fighting
 * Level 13.6 Long Blades
 - Level 2.3 Armour
 + Level 6.7 Dodging
 - Level 6.0 Invocations


You had 9 spell levels left.
You didn't know any spells.
Your spell library was empty.

Dungeon Overview and Level Annotations

Branches:
Dungeon (9/15)             Temple (0/1) D:6         Ossuary (visited)
   Lair: D:8-11         Orc: D:9-12

Altars:
Fedhas
Hepliaklqana
Makhleb
Sif Muna
Trog


Innate Abilities, Weirdness & Mutations

You have a beak for a mouth.
You have claws for feet.
You can fly continuously.


Message History

Lugonu accepts your kill. The orc hits you but does no damage.
You slice the orc!!
You kill the orc!
Lugonu accepts your kill. The orc hits you but does no damage.
You barely miss the yak. The orc hits you but does no damage.
The yak barely misses you.
You riposte.
You barely miss the yak. You claw the yak, but do no damage. You slash the yak!
You claw the yak, but do no damage. You peck the yak, but do no damage.
The yak is lightly wounded.
The orc barely misses you. The yak gores you!
* * * LOW HITPOINT WARNING * * *
You hit the yak. Your kick misses the yak.
The yak is moderately wounded.
The orc hits you from afar with a +0 trident.
* * * LOW HITPOINT WARNING * * *
The yak gores you!
You die...

####................#...
#................#.<
#..........#.......
#.................#
#######...#.......#
##....##..(>########
#..#####...##.<...#..
######...####...($$.......#
..........).@Y.(..(.........
#####..##.####o............<
#.>.# #..# #.../......####
#.## ##..###...(....... ...
....#.#.#####..#. ###
....#.#.# .... ........# ...
........


You could see a yak and an orc.

Vanquished Creatures
  A two-headed ogre (D:8)
  4 yaks (D:9)
  Duvessa (D:7)
  An orc warrior (D:8)
  2 black bears (D:6)
  2 sky beasts
  4 phantoms
  3 ogres
  A centaur (D:8)
  A big kobold (D:7)
  3 bullfrogs
  Dowan (D:7)
  4 scorpions
  2 troll zombies (Ossuary)
  5 killer bees (D:7)
  9 wights (D:8)
  2 howler monkeys
  A centaur zombie (Ossuary)
  3 bullfrog zombies
  2 gnoll shamans (D:8)
  2 hounds
  4 orc priests
  2 jellies
  2 centaur skeletons
  6 orc wizards
  An iguana (D:8)
  8 worker ants
  A killer bee zombie (D:6)
  2 ogre zombies (Ossuary)
  7 mummies (Ossuary)
  A worker ant zombie (D:7)
  6 gnolls (D:8)
  5 adders
  4 white imps
  3 ufetubi (D:7)
  2 oozes
  6 adder zombies (Ossuary)
  3 worms
  4 dart slugs
  5 leopard geckos
  30 orcs
  4 ball pythons
  4 giant cockroaches
  8 goblins
  8 hobgoblins
  14 jackals
  14 bats
  5 frilled lizards
  2 gnoll zombies (Ossuary)
  A goblin zombie (Ossuary)
  4 hobgoblin zombies (Ossuary)
  16 kobolds
  5 kobold zombies (Ossuary)
  A quokka zombie (Ossuary)
  10 rats
  6 rat zombies (Ossuary)
258 creatures vanquished.

Notes
Turn   | Place    | Note
-------+----------+-------------------------------------------
     0 | Abyss:1  | lessens the Tengu Abyssal Knight began the quest for the
                  | Orb.
     0 | Abyss:1  | Reached XP level 1. HP: 14/14 MP: 3/3
    25 | D:1      | Escaped the Abyss
   189 | D:1      | Reached XP level 2. HP: 19/19 MP: 4/4
   311 | D:1      | Reached skill level 3 in Long Blades
   551 | D:1      | Reached XP level 3. HP: 23/23 MP: 5/5
   675 | D:1      | Reached ** piety under Lugonu
  1172 | D:2      | Reached skill level 4 in Long Blades
  1437 | D:2      | Reached XP level 4. HP: 28/28 MP: 6/6
  1752 | D:2      | Found a hazy altar of Hepliaklqana.
  2357 | D:3      | Gained mutation: You can fly continuously. [Tengu growth]
  2357 | D:3      | Reached XP level 5. HP: 32/32 MP: 7/7
  2435 | D:3      | Reached skill level 5 in Long Blades
  2446 | D:3      | Reached *** piety under Lugonu
  3552 | D:4      | Noticed a phantom
  3609 | D:4      | Reached XP level 6. HP: 22/37 MP: 9/9
  3837 | D:4      | Reached skill level 6 in Long Blades
  3956 | D:4      | Killed a phantom
  3957 | D:4      | Reached XP level 7. HP: 38/41 MP: 10/10
  3964 | D:4      | Got a bloodstained hand axe
  4041 | D:4      | Found a burning altar of Makhleb.
  4046 | D:4      | Got a crystal hand axe
  4054 | D:4      | Identified the +5 hand axe of Living Gallantry {drain,
                  | Will++ Str+4} (You found it on level 4 of the Dungeon)
  4055 | D:4      | Identified the cursed +1 hand axe of Uteijuemp {holy,
                  | *Drain Dex+6 SInv Stlth+} (You found it on level 4 of the
                  | Dungeon)
  4119 | D:4      | Noticed an Executioner
  4122 | D:4      | Noticed a hellwing
  4122 | D:4      | Noticed a ynoxinul
  4262 | D:5      | Entered Level 5 of the Dungeon
  4341 | D:5      | Reached skill level 7 in Long Blades
  4802 | D:5      | Reached **** piety under Lugonu
  4944 | D:5      | Reached skill level 8 in Long Blades
  5138 | D:5      | Reached XP level 8. HP: 36/46 MP: 12/12
  5478 | D:6      | Found a staircase to the Ecumenical Temple.
  5709 | D:6      | Found a bloodstained altar of Trog.
  5727 | D:6      | Reached skill level 9 in Long Blades
  5731 | D:6      | Reached skill level 5 in Invocations
  6461 | D:6      | Found a blossoming altar of Fedhas.
  6827 | D:7      | Reached skill level 10 in Long Blades
  6843 | D:7      | Noticed Duvessa
  6860 | D:6      | Got a faintly humming chain mail
  6871 | D:6      | Identified the cursed +0 chain mail "Umoproon" {rPois rF+}
                  | (You found it on level 6 of the Dungeon)
  7007 | D:7      | Reached XP level 9. HP: 41/50 MP: 14/14
  7266 | D:7      | Noticed Dowan
  7284 | D:7      | Killed Duvessa
  7286 | D:7      | Killed Dowan
  7461 | D:7      | Reached skill level 11 in Long Blades
  8130 | D:8      | Found a sand-covered staircase.
  8134 | Ossuary  | Entered an ossuary
  8405 | Ossuary  | Reached ***** piety under Lugonu
  8828 | D:8      | Reached skill level 12 in Long Blades
  9024 | D:8      | Reached XP level 10. HP: 53/56 MP: 15/15
  9165 | D:8      | Reached skill level 5 in Dodging
  9438 | D:8      | Noticed a two-headed ogre
  9467 | D:8      | Killed a two-headed ogre
 10004 | D:8      | Reached skill level 13 in Long Blades
 10116 | D:8      | Found a shimmering blue altar of Sif Muna.
 10787 | D:9      | Slain by a yak

Illustrated notes

Levels and vault maps discovered:
D:1:      minmay_arrival_four_houses, layout_loops_ring
D:2:      minmay_chambers_of_ones, layout_basic, marbit_many_paths
D:3:      layout_basic
D:4:      layout_cave_pools, makhleb_altar_promises_db
D:5:      layout_rooms
D:6:      layout_cave_pods, trog_ov_bears_minmay,
          minmay_temple_entry_from_below_b, basic_altar
D:7:      layout_loops_cross, ldierk_geyser, uniq_duvessa
D:8:      layout_cave_pools, lemuel_coloured_pillars_altar, enter_ossuary_5,
          kennysheep_diamond
D:9:      layout_rooms, grunt_temple_overflow_open, serial_shops,
          nicolae_shop_stone, kennysheep_little_box, shop

Skill      XL: |  1  2  3  4  5  6  7  8  9 10 |
---------------+-------------------------------+-----
Long Blades    | 3 4 5 6 8 10 12 13 | 13.6
Invocations    | 2 3 4 5 6 |  6.0
Dodging        | 4 6 |  6.7
Fighting       | |  3.1
Armour         | |  2.3

Action                   |  1- 3 |  4- 6 |  7- 9 | 10-12 || total
-------------------------+-------+-------+-------+-------++-------
Melee: Falchion          |    13 |       |       |       ||    13
       Kick              |    24 |    46 |   113 |    49 ||   232
       Peck              |    11 |    35 |    86 |    27 ||   159
       Dagger            |    91 |   185 |   311 |    42 ||   629
       Hand axe          |       |       |   113 |       ||   113
       Short sword       |       |       |       |    68 ||    68
       Great sword       |       |       |       |    29 ||    29
Throw: Dart              |       |     6 |    10 |       ||    16
Invok: Banish            |       |       |     3 |       ||     3
 Abil: Fly               |       |     1 |       |       ||     1
Evoke: Wand              |       |       |       |     1 ||     1
  Use: Potion            |       |     2 |     4 |     2 ||     8
       Scroll            |       |     1 |    23 |     1 ||    25
Armor: Ring mail         |    40 |    30 |    44 |       ||   114
       Chain mail        |       |       |   103 |    55 ||   158
Dodge: Dodged            |    55 |    79 |   195 |    58 ||   387
       Rpst.: Falchion   |     3 |       |       |       ||     3
       Great sword       |       |       |       |     3 ||     3
